 Dungeon Crawl Stone Soup version 0.32-a0-999-gfa1cc04b1d (webtiles) character file.

Game seed: 4426943630836910411

119 Findleman the Trooper (level 4, -4/30 (42) HPs)
             Began as a Minotaur Fighter on Apr 25, 2024.
             Slain by an orc
             ... wielding a +2 heavy trident
              (6 damage)
             ... on level 3 of the Dungeon.
             The game lasted 00:02:02 (2580 turns).

Findleman the Trooper (Minotaur Fighter)            Turns: 2580, Time: 00:02:03

HP:   -4/30 (42)    AC:  8    Str: 23    XL:     4   Next: 74%
MP:   3/3           EV:  8    Int:  5    God:
Gold: 118           SH:  4    Dex:  9    Spells: 3/3 levels left

rFire   . . .        m - +2 hand axe (heavy)
rCold   . . .        c - +0 buckler
rNeg    . . .        b - +0 scale mail
rPois   .            (helmet restricted)
rElec   .            (no cloak)
rCorr   .            (no gloves)
SInv    .            e - +0 pair of boots
Will    .....        (no amulet) Stlth
                     (no ring)
HPRegen 0.25/turn    (no ring)
MPRegen 0.08/turn

%: no passive effects
@: mighty, very heavily drained
A: horns 2, retaliatory headbutt
a: no special abilities


You were on level 3 of the Dungeon.
You visited 1 branch of the dungeon, and saw 3 of its levels.

You collected 118 gold pieces.

Inventory:

Hand Weapons
 a - a +0 war axe
 m - a +2 heavy hand axe (weapon)
Missiles
 p - a throwing net (quivered)
Armour
 b - a +0 scale mail (worn)
 c - a +0 buckler (worn)
 e - a +0 pair of boots (worn)
Jewellery
 i - a ring of flight
Wands
 o - a wand of iceblast (10)
 r - a wand of acid (11)
Scrolls
 g - 2 scrolls of teleportation {unknown}
 j - 2 scrolls of enchant weapon {unknown}
 k - a scroll of fog {unknown}
 l - 5 scrolls of identify {unknown}
 n - 2 scrolls of noise {unknown}
Potions
 h - a potion of cancellation {unknown}
 q - 3 potions of curing {unknown}


   Skills:
 + Level 5.3 Fighting
 + Level 4.6 Axes
 - Level 3.6 Armour
 - Level 3.6 Shields


You had 3 spell levels left.
You didn't know any spells.
Your spell library was empty.

Dungeon Overview and Level Annotations

Branches:
Dungeon (3/15)

Altars:
Zin


Innate Abilities, Weirdness & Mutations

You have a pair of horns on your head.
You reflexively headbutt those who attack you in melee.


Message History

You barely miss Terence.
Terence hits you with the +7 Throatcutter!
You feel drained.
You closely miss Terence.
Terence hits you with the +7 Throatcutter.
You feel drained.
Terence hits you with the +7 Throatcutter.
You feel drained.
You hit Terence. You headbutt Terence.
Terence is moderately wounded.
Terence hits you with the +7 Throatcutter.
You feel drained.
An orc comes into view. It is wielding a +2 heavy trident.
You block Terence's attack.
It was a potion of heal wounds.
You feel much better. Terence hits you but does no damage.
You feel drained.
The orc hits you from afar with a +2 heavy trident.
You feel very mighty all of a sudden.
Terence hits you with the +7 Throatcutter.
You feel drained.
You hit Terence.
Terence is heavily wounded.
The orc hits you from afar with a +2 heavy trident.
Terence hits you with the +7 Throatcutter!
* * * LOW HITPOINT WARNING * * *
You feel drained.
* * * LOW HITPOINT WARNING * * *
You feel much better. Terence closely misses you. You block the orc's attack.
You hit Terence.
Terence is severely wounded.
Terence hits you with the +7 Throatcutter!
You feel drained. The orc hits you but does no damage.
Terence hits you with the +7 Throatcutter!
* * * LOW HITPOINT WARNING * * *
You feel drained.
* * * LOW HITPOINT WARNING * * *
You slash Terence!
You kill Terence!
The orc hits you from afar with a +2 heavy trident.
You die...

#........ ........#
##.....#. # #....# #
# #...# .### # #...#
... # #+.. ###o# #
#.## #)).# ######.##
#@).#
........########...#
.# ##<.(........#.##
.# #.....######.#.#
.####...## #.#.#
....##..#######.#.#
.##...............#
.######.........###
.######.#########


You could see an orc.

Vanquished Creatures
  Terence (D:3)
  Robin (D:3)
  3 adders (D:2)
  2 dart slugs
  A ribbon worm (D:3)
  3 orcs (D:3)
  8 bats
  4 endoplasms
  5 giant cockroaches
  14 goblins
  5 hobgoblins
  3 quokkas
  7 ball pythons
  3 frilled lizards (D:2)
  5 kobolds
  3 rats
68 creatures vanquished.

Notes
Turn   | Place    | Note
-------+----------+-------------------------------------------
     0 | D:1      | Findleman the Minotaur Fighter began the quest for the Orb.
     0 | D:1      | Reached XP level 1. HP: 19/19 MP: 0/0
   235 | D:1      | Reached skill level 4 in Fighting
   252 | D:1      | Found a faded altar of an unknown god.
   310 | D:1      | Reached XP level 2. HP: 27/27 MP: 1/1
   710 | D:1      | Reached XP level 3. HP: 34/34 MP: 2/2
  1431 | D:2      | Reached XP level 4. HP: 41/41 MP: 3/3
  1809 | D:2      | Found a glowing silver altar of Zin.
  1830 | D:2      | Reached skill level 5 in Fighting
  2375 | D:3      | Noticed Robin
  2382 | D:3      | Killed Robin
  2569 | D:3      | Noticed Terence
  2580 | D:3      | Killed Terence
  2580 | D:3      | Slain by an orc

Illustrated notes

Levels and vault maps discovered:
D:1:      hellmonk_arrival_library, layout_loops_corners,
          ebering_ecumenical_altar_sacrificial,
          nicolae_concentric_dashed_squares_mild, minmay_tetromino_s4
D:2:      layout_basic, basic_altar, kennysheep_generic_room_13
D:3:      layout_loops_corners, serial_park_tiny_2,
          hangedman_abyss_or_decor_lesser_grid, nicolae_shop_unique_rings,
          uniq_terence, uniq_robin

Skill      XL: |  1  2  3  4 |
---------------+-------------+-----
Fighting       | 4 5 |  5.3
Axes           | 3 4 |  4.6
Armour         | |  3.6
Shields        | |  3.6

Action                     |  1- 3 |  4- 6 || total
---------------------------+-------+-------++-------
  Melee: War axe           |    56 |       ||    56
         Headbutt          |     3 |     5 ||     8
         Hand axe          |    13 |    48 ||    61
    Use: Potion            |       |     3 ||     3
 Armour: Scale mail        |    83 |    68 ||   151
  Dodge: Dodged            |    27 |    33 ||    60
  Block: Buckler           |    18 |    14 ||    32

Table legend: (Time is in decaauts)
 A = Elapsed time spent in this place.
 B = Non-inter-level travel time spent in this place.
 C = Inter-level travel time spent in this place.
 D = Time resting spent in this place.
 E = Time spent auto-exploring this place.
 F = Levels seen in this place.
 G = Mean time per level.
                   A        B        C        D        E       F      G
               +--------+--------+--------+--------+--------+-----+--------+
         Total |   2639 |   2494 |    145 |    179 |   1968 |   3 |  879.7 |
       Dungeon |   2639 |   2494 |    145 |    179 |   1968 |   3 |  879.7 |
               +--------+--------+--------+--------+--------+-----+--------+

Top non-repeatable levels by time:
     D:2: 1179 daAuts
     D:1: 1079 daAuts
     D:3: 381 daAuts
